 Dungeon Crawl Stone Soup version 0.26.1-11-gd32895ea62 (webtiles) character file.

Game seed: 6066962315885423944

6 Elvor the Grasshopper (level 1, 0/20 HPs)
             Began as a Gnoll Warper on June 29, 2021.
             Slain by a gnoll (6 damage)
             ... on level 1 of the Dungeon.
             The game lasted 00:01:22 (169 turns).

Elvor the Grasshopper (Gnoll Warper)                 Turns: 169, Time: 00:01:22

Health: 0/20       AC:  3    Str: 13    XL:     1   Next: 90%
Magic:  6/6        EV: 14    Int: 15    God:
Gold:   16         SH:  0    Dex: 14    Spells: 9/9 levels left

rFire    . . .     SeeInvis .   i - +0 whip (holy)
rCold    . . .     Faith    .   (no shield)
rNeg     . . .     Spirit   .   b - +0 leather armour
rPois    .         Reflect  .   (no helmet)
rElec    .         Harm     .   (no cloak)
rCorr    .         Rampage  .   (no gloves)
Will     +....                  (no boots)
Stlth    +.........             (no amulet)
HPRegen  0.06/turn              g - ring of willpower
MPRegen  0.10/turn              (no ring)

@: no status effects
A: distributed training, fangs 1, strong nose
a: no special abilities


You were on level 1 of the Dungeon.
You visited 1 branch of the dungeon, and saw 1 of its levels.

You collected 16 gold pieces.

Inventory:

Hand Weapons
 a - a +0 mace
 i - a +0 whip of holy wrath (weapon)
Missiles
 e - 5 boomerangs of dispersal (quivered)
Armour
 b - a +0 leather armour (worn)
Jewellery
 g - a ring of willpower (left hand)
Scrolls
 c - 2 scrolls of remove curse {unknown}
 d - a scroll of blinking
 f - a scroll of identify {unknown}
 h - a scroll of enchant armour {unknown}
Potions
 j - a potion of attraction {unknown}


   Skills:
 + Level 4.4 Fighting
 + Level 0.2 Short Blades
 + Level 0.2 Long Blades
 + Level 0.2 Axes
 + Level 4.4 Maces & Flails
 + Level 0.2 Polearms
 + Level 0.2 Staves
 + Level 0.2 Slings
 + Level 0.2 Bows
 + Level 0.2 Crossbows
 + Level 2.4 Throwing
 + Level 2.4 Armour
 + Level 4.4 Dodging
 + Level 0.2 Stealth
 + Level 0.2 Shields
 + Level 0.2 Unarmed Combat
 + Level 4.9 Spellcasting
 + Level 0.1 Conjurations
 + Level 0.1 Hexes
 + Level 0.1 Summonings
 + Level 0.1 Necromancy
 + Level 5.3 Translocations
 + Level 0.1 Transmutations
 + Level 0.1 Fire Magic
 + Level 0.1 Ice Magic
 + Level 0.1 Air Magic
 + Level 0.1 Earth Magic
 + Level 0.1 Poison Magic
 + Level 0.3 Invocations
 + Level 0.2 Evocations


You had 9 spell levels left.
You didn't know any spells.
Your spell library contained the following spells:

 Spells                   Type           Power        Failure   Level
 Blink                    Tloc           N/A          3%          2
 Gell's Gravitas          Tloc           9%           7%          3
 Lesser Beckoning         Tloc           9%           7%          3
 Teleport Other           Tloc           19%          7%          3
 Passage of Golubria      Tloc           N/A          22%         4


Dungeon Overview and Level Annotations

Branches:
Dungeon (1/15)

Altars:


Innate Abilities, Weirdness & Mutations

Your experience applies equally to all skills.
You have very sharp teeth.
Your uncanny sense of smell can sniff out nearby items.


Message History

You see here a +0 club.
You now have 16 gold pieces (gained 3).
A bat comes into view.
Found 16 sling bullets.
Found a mace.
A gnoll comes into view.
The bat barely misses you.
You hit the bat.
You kill the bat!
The gnoll hits you but does no damage.
You barely miss the gnoll. The gnoll hits you.
You barely miss the gnoll. The gnoll hits you!
You hit the gnoll.
The gnoll is moderately wounded.
The gnoll hits you.
* * * LOW HITPOINT WARNING * * *
You hit the gnoll.
The gnoll is moderately wounded.
The gnoll hits you.
You die...

#. #.# .. #.## ..######
#......# # #......#(##.
#.†.......)#
#..@g....#.#
#..........# #####
#####..###..### #.(..
#........# .# #####....
#........#..# #........
#...........# #........
#######.###.# #....†...
#........##.###....†...
#...........##..(......


You could see a gnoll.

Vanquished Creatures
  A giant cockroach (D:1)
  A hobgoblin (D:1)
  A bat (D:1)
  A kobold (D:1)
  3 rats (D:1)
7 creatures vanquished.

Notes
Turn   | Place    | Note
-------+----------+-------------------------------------------
     0 | D:1      | Elvor the Gnoll Warper began the quest for the Orb.
     0 | D:1      | Reached XP level 1. HP: 20/20 MP: 6/6
   169 | D:1      | Slain by a gnoll

Illustrated notes

Levels and vault maps discovered:
D:1:      kennysheep_arrival_seaside, layout_basic

Action                   || total
-------------------------++-------
Melee: Mace              ||    11
       Whip              ||    10
       Bite              ||     2
Armor: Leather armour    ||     1
Dodge: Dodged            ||    12
